 Dungeon Crawl Stone Soup version 0.21.1-1-g345015fe64 (webtiles) character file.

140 Gargoyl the Skirmisher (level 5, -2/46 HPs)
             Began as a Centaur Abyssal Knight on Mar 23, 2018.
             Was a Believer of Lugonu.
             Slain by a phantom (7 damage)
             ... on level 2 of the Dungeon.
             The game lasted 00:05:59 (3853 turns).

Gargoyl the Skirmisher (Centaur Abyssal Knight)     Turns: 3853, Time: 00:06:00

Health: -2/46      AC: 10    Str: 15    XL:     5   Next: 2%
Magic:  6/6        EV:  1    Int: 11    God:    Lugonu [**....]
Gold:   63         SH:  3    Dex:  9    Spells: 4/4 levels left

rFire    . . .     SeeInvis .   a - +1 hand axe
rCold    . . .     Gourm    .   d - +0 buckler
rNeg     . . .     Faith    .   e - +0 plate armour
rPois    .         Spirit   .   (no helmet)
rElec    .         Reflect  .   (no cloak)
rCorr    .         Harm     .   l - +0 pair of gloves
MR       .....                  (no barding)
Stlth    ..........             (no amulet)
HPRegen  0.15/turn              (no ring)
MPRegen  0.10/turn              (no ring)

@: very quick
A: large, hooves 3, deformed body, speed 2, tough skin 3
a: Depart the Abyss, Bend Space, Renounce Religion


You were on level 2 of the Dungeon.
You worshipped Lugonu.
Lugonu was pleased with you.
You were hungry.

You visited 1 branch of the dungeon, and saw 3 of its levels.
You visited the Abyss 1 time.

You collected 63 gold pieces.

Inventory:

Hand Weapons
 a - a +1 hand axe (weapon)
Armour
 b - a +0 leather armour
 d - a +0 buckler (worn)
 e - a +0 plate armour (worn)
 l - a +0 pair of gloves (worn)
Jewellery
 m - an uncursed amulet of the gourmand {unknown}
Scrolls
 h - 2 scrolls of teleportation
Potions
 g - a potion of resistance {unknown}
 i - a potion of agility {unknown}
 k - a potion of heal wounds {unknown}
Comestibles
 c - 6 rations


   Skills:
 + Level 3.8 Fighting
 + Level 2.8 Axes
 * Level 2.3 Armour
 + Level 1.2 Dodging
 + Level 0.1 Shields
 * Level 2.5 Invocations


You had 4 spell levels left.
You didn't know any spells.

Dungeon Overview and Level Annotations

Branches:
Dungeon (3/15)

Altars:

Annotations:
D:3 squipdi's ghost, amateur DrWn


Innate Abilities, Weirdness & Mutations

You have hooves in place of feet.
Armour fits poorly on your strangely shaped body.
You cover ground very quickly.
You have extremely tough skin. (AC +3)


Message History

The phantom is almost destroyed.
You block the phantom's attack.
The phantom blinks!
The phantom blinks!
The phantom blinks!
You barely miss the phantom. Your kick misses the phantom.
The phantom is almost destroyed.
The phantom hits you.
* * * LOW HITPOINT WARNING * * *
You closely miss the phantom.
The phantom is almost destroyed.
The phantom hits you.
* * * LOW HITPOINT WARNING * * *
You hit the phantom.
The phantom is almost destroyed.
The phantom hits you.
* * * LOW HITPOINT WARNING * * *
You closely miss the phantom. Your kick misses the phantom.
The phantom is almost destroyed.
The phantom hits you!
You die...

.........###.##............#....#
......##..............####...)..#
##(#########...........# ###.....
#.# ##.#........# #....# #.#
#..#.......## #....# #.#
##.#........# #....# #.#
##..........# #....# #.#
#..W........####....# #.##
#...@.............### #..#
#...........####..## ##.#
###......<##..#####..# #.#
#.........(#....# #..## #.#
#.>........###..###...# #.#
#.........)###.(...#..# #.#
#.............#.##..... ###.#####
#.........(##.....#.#.. ........#
#..........###.##)..#..


You could see a phantom.

Vanquished Creatures
  2 adders
  5 gnolls
  2 dart slugs
  A leopard gecko (D:2)
  An orc (D:3)
  6 bats
  4 giant cockroaches
  8 goblins
  8 hobgoblins
  6 jackals
  3 quokkas
  2 frilled lizards
  12 kobolds
  3 rats (D:1)
63 creatures vanquished.

Notes
Turn   | Place    | Note
-------+----------+-------------------------------------------
     0 | Abyss:1  | Gargoyl the Centaur Abyssal Knight began the quest for the Orb.
     0 | Abyss:1  | Reached XP level 1. HP: 19/19 MP: 2/2
    11 | Abyss:1  | Found an ornate altar of the Wu Jian Council.
   103 | Abyss:1  | Noticed a flying skull
   105 | Abyss:1  | Noticed a tormentor
   108 | D:1      | Escaped the Abyss
   133 | D:1      | Reached XP level 2. HP: 12/26 MP: 3/3
   402 | D:1      | Reached * piety under Lugonu
   724 | D:1      | Reached XP level 3. HP: 26/31 MP: 4/4
  1685 | D:3      | Noticed squipdi's ghost (amateur DrWn)
  1810 | D:2      | Reached skill level 1 in Dodging
  1810 | D:2      | Reached XP level 4. HP: 17/40 MP: 5/5
  1988 | D:2      | Reached ** piety under Lugonu
  2805 | D:3      | Noticed a phantom
  3627 | D:3      | Reached XP level 5. HP: 43/46 MP: 6/6
  3853 | D:2      | Slain by a phantom

Skill      XL: |  1  2  3 |
---------------+----------+-----
Axes           | 2 |  2.8
Armour         | 2 |  2.3
Dodging        | 1 |  1.2
Fighting       | |  3.8
Shields        | |  0.1
Invocations    | |  2.5

Action                   |  1- 3 |  4- 6 || total
-------------------------+-------+-------++-------
Melee: Hand axe          |   115 |   104 ||   219
       Kick              |    11 |    18 ||    29
Invok: Depart the Abyss  |     1 |       ||     1
  Use: Scroll            |     4 |     1 ||     5
       Potion            |     1 |     1 ||     2
  Eat: Chunk             |     1 |     3 ||     4
       Ration            |       |     1 ||     1
Armor: Leather armour    |    49 |    29 ||    78
       Plate armour      |       |    49 ||    49
Dodge: Dodged            |    64 |    37 ||   101
Block: Buckler           |    18 |    16 ||    34
